 Dungeon Crawl Stone Soup version 0.21.1-1-g345015f (webtiles) character file.

218560 Supreme the Earth Mage (level 18, -39/96 HPs)
             Began as a Gargoyle Earth Elementalist on Apr 26, 2018.
             Was the Champion of Kikubaaqudgha.
             Blown up by a conjurer statue (70 damage)
             ... with an orb of destruction
             ... in a wizard's laboratory on Apr 28, 2018.
             The game lasted 10:02:06 (35566 turns).

Supreme the Earth Mage (GrEE)                      Turns: 35566, Time: 10:02:07

Health: -39/96     AC: 18    Str: 15    XL:     18   Next: 62%
Magic:  2/39       EV: 14    Int: 27    God:    Kikubaaqudgha [******]
Gold:   2059       SH:  0    Dex: 10    Spells: 1/52 levels left

rFire    + + .     SeeInvis .   n - +0 long sword (slice)
rCold    + + .     Gourm    .   (no shield)
rNeg     + + .     Faith    .   p - +2 robe {Archmagi}
rPois    ∞         Spirit   .   b - +0 hat {Int+3}
rElec    +         Reflect  .   v - scarf {repulsion}
rCorr    .         Harm     .   (no gloves)
MR       +....                  R - +0 pair of boots
Stlth    ++++......             S - amulet of regeneration
HPRegen  0.66/turn              a - ring of Xyojask {Fire Str+3 Slay+4 Stlth+}
MPRegen  0.26/turn              U - ring of Seowid {*Drain rF+ rC+++ rN+ Slay+1}

@: flying, repel missiles
A: big wings, negative energy resistance 1, electricity resistance, unbreathing,
petrification resistance, rot immunity, AC +13
}: 2/15 runes: barnacled, gossamer
a: Stop Flying, Receive Corpses, Torment, Brand Weapon With Pain, Receive
Necronomicon, Renounce Religion


You were in a wizard's laboratory.
You worshipped Kikubaaqudgha.
Kikubaaqudgha was exalted by your worship.
You were not hungry.

You visited 7 branches of the dungeon, and saw 33 of its levels.
You also visited: Ice Cave, Volcano and Wizlab.

You collected 3389 gold pieces.
You spent 1330 gold pieces at shops.

Inventory:

Hand Weapons
 c - a +0 rapier of draining
 e - a +1 dagger of venom
 h - a +3 battleaxe of venom
 m - a +2 long sword of protection
 n - a +0 long sword of slicing (weapon)
 u - a +1 spear of pain
Missiles
 w - 509 stones (quivered)
Armour
 b - a +0 hat of intelligence (worn)
 p - a +2 robe of the Archmagi (worn)
 v - a scarf of repulsion (worn)
 R - a +0 pair of boots (worn)
 Z - a +2 buckler
Jewellery
 a - the ring of Xyojask (left hand) {Fire Str+3 Slay+4 Stlth+}
   (You bought it in a shop on level 2 of the Orcish Mines)

   [ring of fire]

   It enhances your fire magic.
   It affects your strength (+3).
   It affects your accuracy and damage with ranged weapons and melee attacks
   (+4).
   It protects you from fire.
   It makes you vulnerable to cold.
   It makes you more stealthy.
 i - the ring "Vonousu" {+Fly rPois MP+9 Dex-4 SInv}
   (You bought it in a shop on level 2 of the Orcish Mines)

   [ring of magical power]

   It affects your dexterity (-4).
   It protects you from poison.
   It affects your magic capacity (+9).
   It lets you see invisible.
   It lets you fly.
 S - an amulet of regeneration (around neck)
 U - the ring of Seowid (right hand) {*Drain rF+ rC+++ rN+ Slay+1}
   (You found it on level 4 of the Shoals)

   [ring of slaying]

   It affects your accuracy and damage with ranged weapons and melee attacks
   (+1).
   It protects you from fire.
   It renders you almost immune to cold.
   It protects you from negative energy.
   It causes draining when unequipped.
Wands
 C - a wand of iceblast (36)
 H - a wand of acid (39)
Scrolls
 g - 6 scrolls of immolation
 r - 14 scrolls of teleportation
 z - 3 scrolls of fear
 F - 7 scrolls of fog
 I - a scroll of remove curse
 Q - 3 scrolls of blinking
Potions
 j - 13 potions of curing
 l - 3 potions of brilliance
 x - 2 potions of heal wounds
 A - 6 potions of agility
 E - 2 potions of resistance
 K - 4 potions of haste
 P - 3 potions of invisibility
Miscellaneous
 k - a lightning rod (4/4)
 q - a box of beasts
Comestibles
 d - 45 rations
 f - 2 chunks of flesh


   Skills:
 + Level 5.0 Fighting
 * Level 5.4 Polearms
 + Level 6.3 Dodging
 - Level 6.0 Stealth
 - Level 4.0 Shields
 + Level 17.5 Spellcasting
 + Level 9.5 Conjurations
 + Level 1.2 Charms
 + Level 2.5 Summonings
 * Level 11.0 Necromancy
 + Level 1.1 Transmutations
 + Level 7.7 Ice Magic
 + Level 1.1 Air Magic
 + Level 18.4 Earth Magic
 + Level 1.3 Evocations


You had one spell level left.
You knew the following spells:

 Your Spells              Type           Power        Failure   Level  Hunger
a - Sandblast             Erth           ######       0%          1    None
b - Passwall              Tmut/Erth      #######...   1%          2    None
c - Stone Arrow           Conj/Erth      ######       1%          3    None
d - Lee's Rapid Deconstr  Erth           ########..   1%          5    None
e - Animate Skeleton      Necr           N/A          1%          1    None
f - Summon Butterflies    Summ           ######..     1%          1    None
g - Borgnjor's Vile Clut  Necr/Erth      ########..   1%          5    None
h - Agony                 Necr           #######.     1%          5    None
i - Dispel Undead         Necr           #######.     1%          5    None
j - Ozocubu's Armour      Chrm/Ice       ######..     1%          3    None
k - Animate Dead          Necr           N/A          1%          4    None
l - Simulacrum            Ice/Necr       #######...   6%          6    ###....
m - Summon Lightning Spi  Summ/Air       ######..     9%          4    None
n - Iron Shot             Conj/Erth      #######...   1%          6    ###....


Dungeon Overview and Level Annotations

Branches:
Dungeon (15/15)            Temple (1/1) D:5            Lair (6/6) D:8
 Shoals (4/4) Lair:3       Spider (4/4) Lair:2        Slime (0/5) Lair:6
    Orc (2/2) D:10            Elf (1/3) Orc:2        Vaults (0/5) D:14
 Depths (0/5) D:15

Altars:
Ashenzari
Cheibriados
Dithmenos
Elyvilon
Fedhas
Gozag
Hepliaklqana
Kikubaaqudgha
Makhleb
Nemelex Xobeh
Okawaru
Qazlal
Ru
Sif Muna
Trog
Uskayaw
Vehumet
Wu Jian
Xom
Yredelemnul
Zin
The Shining One
Beogh
Jiyva

Shops:
D:4 (   D:15 *   Orc:2 =(*=[   Shoals:2 [

Annotations:
D:12 Frances
D:14 exclusion: downstairs WizLab exclusion: statue


Innate Abilities, Weirdness & Mutations

You are resistant to torment.
Your stone body is resilient. (AC +13)
You are immune to poison.
Your large and strong wings let you fly indefinitely.
You resist negative energy. (rN+)
You are resistant to electric shocks. (rElec)
You can survive without breathing.
You are immune to petrification.
You are immune to rotting.


Message History

Press: ? - help, Dir - move target cursor, f - conjurer statue Fragment what (e.g. wall or brittle monster)?: a conjurer statue (severely damaged)
You feel a surge of power!
The conjurer statue shatters!
The conjurer statue is almost destroyed.
The conjurer statue conjures an orb of pure magic.
An orb of destruction comes into view.
Casting: Lee's Rapid Deconstruction
Confirm with . or Enter, or press ? or * to list all spells.
Aiming: Lee's Rapid Deconstruction
Press: ? - help, Dir - move target cursor, f/p - conjurer statue Fragment what (e.g. wall or brittle monster)?: a conjurer statue (almost destroyed)
You feel a surge of power!
The conjurer statue shatters!
You blow up the conjurer statue!
Kikubaaqudgha accepts your kill. The orb of destruction hits you!
Ouch! That really hurt!
The orb of destruction hits you!
Ouch! That really hurt!
You die...
Kikubaaqudgha rasps: "You have failed me!
Welcome... oblivion!"

. #.......§§# . #.#......§.
.# . ##.##....... .. #.
##.#......... ..# #.
##.###........ ...# #.
##.#.#...†..... ....#
#.#####)#.#).........
.....###.....###...........
.)....#.##@##.#............
...§....#§§.#..............
.))..§§§§...............§§§
......)..)§............§.§#
.....)..§§§§§.........§§§.#
........§§#§............##§
.#.#.#.#.#.#§#.#.#.#.#§#.#
#.#.#.#.##§##.#.#.#.#.#.##
# ###### ################


There were no monsters in sight!

Vanquished Creatures
  Polyphemus (Shoals:2)
  Kirke (D:12)
  Roxanne (Spider:1)
  Donald (Orc:2)
  A frost giant (Shoals:4)
  2 orc warlords (Orc:2)
  3 ghost moths
  3 emperor scorpions
  A red draconian (Volcano)
  2 entropy weavers
  5 purple draconians (WizLab)
  4 spark wasps
  3 merfolk javelineers (Shoals:4)
  Josephine (D:12)
  6 statues (WizLab)
  4 merfolk impalers
  An ice dragon (D:15)
  Erolcha (D:9)
  8 hydras
  3 centaur warriors
  A merfolk avatar (Shoals:2)
  2 catoblepae
  8 two-headed ogres
  2 dancing weapons (D:14)
  4 merfolk aquamancers (Shoals:4)
  A deep troll shaman (Lair:6)
  5 death yaks
  A tengu warrior (D:13)
  2 satyrs
  An ogre mage (D:15)
  A shock serpent (shapeshifter) (D:15)
  An orc high priest (Orc:2)
  3 skeletal warriors (D:15)
  3 unseen horrors
  The ghost of Mirai the Covert, a novice KoEn of Okawaru (D:8)
  3 sea snakes
  Pikel (D:9)
  A mana viper (Spider:3)
  15 ugly things
  4 orc knights (Orc:2)
  7 harpies
  10 orb spiders
  8 deep elf magi
  14 cyclopes
  7 orc sorcerers
  13 wolf spiders
  12 manticores
  11 fauns
  12 elephants
  A moth of wrath (Spider:4)
  7 merfolk sirens
  4 black mambas
  A water nymph (Shoals:4)
  A black mamba (shapeshifter) (D:13)
  2 ice statues (IceCv)
  6 spiny frogs
  2 gargoyles
  2 rime drakes (Lair:4)
  4 komodo dragons
  7 demonic crawlers
  2 yaktaurs (Volcano)
  5 ice devils (IceCv)
  4 wind drakes
  4 meliai
  13 merfolk
  6 trolls
  4 polar bears
  Prince Ribbit (D:8)
  11 jumping spiders
  10 hornets
  3 dream sheep (Lair:5)
  7 hippogriffs
  7 snapping turtles
  5 slime creatures (D:14)
  A meliai zombie (D:14)
  An air elemental (D:10)
  3 wyverns
  30 redbacks
  A shadow (D:15)
  A vampire (D:15)
  14 tarantellas
  17 yaks
  3 wraiths (D:12)
  3 fire elementals
  5 hogs (D:12)
  10 water elementals
  2 hungry ghosts (D:11)
  A steam dragon (D:12)
  3 vampire mosquitoes (D:15)
  The ghost of p0werm0de the Digger, an amateur FoEE of Makhleb (D:3)
  3 wargs
  6 water moccasins
  2 soldier ants (D:8)
  2 acid dragons
  3 hell hounds (D:15)
  3 ice beasts
  6 porcupines
  38 orc warriors
  A black bear (D:11)
  3 sky beasts
  A necrophage (D:10)
  2 phantoms
  17 ogres
  14 centaurs
  The ghost of p0werm0de the Grave Robber, an amateur DgNe (D:5)
  12 wolves
  12 crocodiles
  A big kobold (D:12)
  2 wyvern zombies
  13 bullfrogs
  An earth elemental (D:10)
  A gnoll sergeant (D:9)
  2 wyvern skeletons
  4 scorpions
  18 killer bees
  4 howler monkeys
  8 electric eels
  7 crimson imps
  2 bullfrog zombies
  4 centaur zombies
  4 hounds
  A quasit (D:8)
  4 bullfrog skeletons
  A jelly (D:6)
  2 centaur skeletons
  26 orc priests
  2 iguanas
  28 orc wizards
  11 worker ants
  A hound zombie (D:6)
  3 hound skeletons
  A worker ant zombie (D:5)
  A howler monkey skeleton (D:4)
  7 gnolls
  16 adders
  3 shadow imps
  6 white imps (IceCv)
  7 ufetubi (IceCv)
  3 oozes
  3 adder skeletons
  3 worms
  3 dart slugs
  4 leopard geckos
  88 orcs
  13 bats
  6 giant cockroaches
  7 goblins
  11 hobgoblins
  12 jackals
  9 kobolds
  4 quokkas
  A ball python (D:2)
  6 frilled lizards
  A giant cockroach zombie (D:6)
  2 quokka skeletons
  2 quokka zombies
  12 rats
  A fungus (Lair:3)
  11 plants
940 creatures vanquished.

Vanquished Creatures (collateral kills)
  Ilsuiw (Shoals:4)
  Azrael (D:15)
  2 purple draconians (WizLab)
  Snorg (Lair:3)
  2 merfolk impalers (Shoals:4)
  2 ice dragons
  2 centaur warriors
  A two-headed ogre (D:8)
  Nergalle (D:10)
  A sea snake (Shoals:4)
  3 harpies (Shoals:1)
  8 orb spiders
  21 wolf spiders
  9 deep elf magi (WizLab)
  An orc sorcerer (Orc:2)
  2 water nymphs
  A centaur zombie (D:15)
  A black mamba (Lair:1)
  4 spiny frogs
  2 merfolk sirens (Shoals:1)
  4 komodo dragons
  2 centaur skeletons
  4 demonic crawlers
  A yaktaur (Volcano)
  A rime drake (Lair:4)
  2 meliai (Spider:4)
  2 wind drakes (Shoals:1)
  13 jumping spiders
  2 trolls
  A polar bear (Lair:6)
  A hornet (shapeshifter) (D:13)
  A queen bee (Spider:4)
  6 merfolk
  3 hornets
  8 blink frogs (Lair:4)
  A snapping turtle (Shoals:1)
  3 hippogriffs
  4 water elementals
  2 yaks
  17 tarantellas
  30 redbacks
  2 wyverns (D:10)
  A shadow (D:13)
  A basilisk (Lair:4)
  A hog (D:12)
  A water moccasin (Lair:2)
  A porcupine (Lair:4)
  2 orc warriors
  2 sky beasts
  An ice beast (D:12)
  4 ogres
  4 wolves
  3 centaurs
  A crocodile (Lair:6)
  2 bullfrogs
  A wyvern zombie (D:11)
  A scorpion (D:9)
  3 killer bees (Spider:4)
  A bullfrog zombie (D:12)
  2 jellies
  An orc priest (Orc:2)
  2 bullfrog skeletons
  4 orc wizards
  A worker ant (D:10)
  An adder (D:10)
  A shadow imp (D:12)
  A leopard gecko (D:8)
  2 orcs
  A kobold (D:12)
  A butterfly (Lair:4)
  2 plants
225 creatures vanquished.

Vanquished Creatures (others)
  A reaper (IceCv)
  A deep elf mage (WizLab)
  2 dream sheep (Lair:5)
  A hungry ghost (D:9)
  An orc wizard (Orc:2)
  6 white imps (IceCv)
  2 ufetubi (IceCv)
  A quokka (D:15)
  24 plants
39 creatures vanquished.

Grand Total: 1204 creatures vanquished

Notes
Turn   | Place    | Note
-------+----------+-------------------------------------------
     0 | D:1      | Supreme the Gargoyle Earth Elementalist began the quest for the Orb.
     0 | D:1      | Reached XP level 1. HP: 10/10 MP: 3/3
    94 | D:1      | Reached XP level 2. HP: 15/15 MP: 0/5
    98 | D:1      | Learned a level 2 spell: Passwall
   183 | D:1      | Reached skill level 4 in Earth Magic
   407 | D:1      | Reached XP level 3. HP: 15/19 MP: 6/6
   412 | D:1      | Learned a level 3 spell: Stone Arrow
  1003 | D:2      | Reached XP level 4. HP: 16/24 MP: 8/8
  1128 | D:2      | Noticed an ogre
  1224 | D:2      | Killed an ogre
  1224 | D:2      | Reached skill level 1 in Fighting
  1224 | D:2      | Reached XP level 5. HP: 16/29 MP: 1/9
  1330 | D:2      | Reached skill level 5 in Earth Magic
  1533 | D:3      | Reached skill level 1 in Conjurations
  1566 | D:3      | Noticed p0werm0de's ghost (amateur FoEE)
  1624 | D:3      | Killed p0werm0de's ghost
  1624 | D:3      | Reached XP level 6. HP: 27/34 MP: 0/11
  1747 | D:3      | Reached skill level 1 in Transmutations
  1818 | D:3      | Learned a level 5 spell: Lee's Rapid Deconstruction
  2081 | D:3      | Found an iron altar of Okawaru.
  2250 | D:4      | Reached XP level 7. HP: 32/38 MP: 1/13
  2713 | D:4      | Reached skill level 6 in Earth Magic
  2741 | D:4      | Found Huicwimu's Antique Weapon Boutique.
  3114 | D:5      | Entered Level 5 of the Dungeon
  3146 | D:5      | Reached XP level 8. HP: 24/44 MP: 11/15
  3164 | D:5      | Noticed p0werm0de's ghost (amateur DgNe)
  3226 | D:5      | Found a staircase to the Ecumenical Temple.
  3290 | Temple   | Entered the Ecumenical Temple
  3418 | Temple   | Became a worshipper of Kikubaaqudgha
  3456 | Temple   | Reached skill level 5 in Spellcasting
  3635 | D:5      | Killed p0werm0de's ghost
  4008 | D:6      | Reached skill level 7 in Earth Magic
  4292 | D:6      | Reached XP level 9. HP: 49/49 MP: 0/18
  4305 | D:6      | Reached * piety under Kikubaaqudgha
  4305 | D:6      | Identified Kikubaaqudgha's Almanac of Evil Magic (Kikubaaqudgha gifted it to you on level 6 of the Dungeon)
  4305 | D:6      | Received a gift from Kikubaaqudgha
  4321 | D:6      | Learned a level 1 spell: Animate Skeleton
  4891 | D:7      | Reached skill level 8 in Earth Magic
  5078 | D:7      | Reached skill level 1 in Necromancy
  5449 | D:8      | Noticed Prince Ribbit
  5453 | D:8      | Killed Prince Ribbit
  5453 | D:8      | Reached skill level 1 in Shields
  5458 | D:8      | Noticed Mirai's ghost (novice KoEn)
  5655 | D:8      | Found a shadowy altar of Dithmenos.
  5790 | D:8      | Noticed a komodo dragon
  5813 | D:8      | Reached ** piety under Kikubaaqudgha
  6031 | D:8      | Noticed a two-headed ogre
  6061 | D:8      | Killed a two-headed ogre
  6061 | D:8      | Reached XP level 10. HP: 54/54 MP: 17/22
  6112 | D:8      | Reached skill level 9 in Earth Magic
  6336 | D:8      | Reached skill level 5 in Conjurations
  6351 | D:8      | Found a staircase to the Lair.
  6691 | D:9      | Noticed a gargoyle
  6769 | D:9      | Learned a level 1 spell: Summon Butterflies
  7013 | D:9      | Noticed Pikel
  7016 | D:9      | Killed Pikel
  7084 | D:9      | Reached skill level 10 in Earth Magic
  7208 | D:9      | Noticed Erolcha
  7373 | Lair:1   | Entered Level 1 of the Lair of Beasts
  7380 | Lair:1   | Got a translucent trident
  7397 | Lair:1   | Identified the +9 trident "Orb Guardian's Peril" {vamp, Fragile rElec rPois Dex+3} (You found it on level 1 of the Lair of Beasts)
  7433 | Lair:1   | Noticed a black mamba
  7435 | Lair:1   | Killed a black mamba
  7474 | Lair:1   | Noticed a spiny frog
  7481 | Lair:1   | Killed a spiny frog
  7484 | Lair:1   | Noticed a spiny frog
  7498 | Lair:1   | Killed a spiny frog
  7498 | Lair:1   | Reached XP level 11. HP: 51/58 MP: 5/24
  7664 | Lair:1   | Reached *** piety under Kikubaaqudgha
  7664 | Lair:1   | Identified Kikubaaqudgha's Guide on Stolen Souls (Kikubaaqudgha gifted it to you on level 1 of the Lair of Beasts)
  7664 | Lair:1   | Received a gift from Kikubaaqudgha
  7687 | Lair:1   | Learned a level 5 spell: Borgnjor's Vile Clutch
  7882 | Lair:1   | Reached skill level 10 in Spellcasting
  7882 | Lair:1   | Reached skill level 11 in Earth Magic
  8207 | Lair:2   | Found a hole to the Spider Nest.
  8246 | Lair:2   | Found a dark tunnel.
  8279 | Volcano  | Entered a volcano
  8328 | Volcano  | Noticed a centaur warrior
  8342 | Volcano  | Killed a centaur warrior
  9574 | Volcano  | Noticed a red draconian
  9602 | Volcano  | Killed a red draconian
  9897 | D:8      | Learned a level 5 spell: Agony
  9903 | D:8      | Learned a level 5 spell: Dispel Undead
  9955 | D:8      | Killed Mirai's ghost
  9955 | D:8      | Reached skill level 12 in Earth Magic
 10287 | Lair:2   | Reached XP level 12. HP: 60/64 MP: 0/27
 10714 | Lair:2   | Learned a level 3 spell: Ozocubu's Armour
 11095 | Lair:3   | Reached skill level 1 in Ice Magic
 11103 | Lair:3   | Noticed a four-headed hydra
 11242 | Lair:3   | Killed a four-headed hydra
 11270 | Lair:3   | Found a staircase to the Shoals.
 11392 | Lair:3   | Noticed Snorg
 11398 | Lair:3   | Killed Snorg
 11696 | Lair:4   | Noticed a seven-headed hydra
 11701 | Lair:4   | Reached skill level 13 in Earth Magic
 11709 | Lair:4   | Killed a seven-headed hydra
 11877 | Lair:4   | Found a frozen archway.
 11878 | Lair:4   | Noticed an ice dragon
 11898 | Lair:4   | Killed an ice dragon
 11967 | IceCv    | Entered an ice cave
 12225 | IceCv    | Reached XP level 13. HP: 68/68 MP: 28/29
 12273 | IceCv    | Killed a reaper
 13513 | Lair:5   | Found a shimmering altar of Xom.
 13515 | Lair:5   | Reached skill level 1 in Charms
 13562 | Lair:5   | Reached skill level 14 in Earth Magic
 13853 | Lair:5   | Learned a level 4 spell: Animate Dead
 14264 | Lair:6   | Entered Level 6 of the Lair of Beasts
 14365 | Lair:6   | Found a staircase to the Slime Pits.
 14365 | Lair:6   | Found a viscous altar of Jiyva.
 14874 | Lair:6   | Reached skill level 5 in Necromancy
 15371 | Lair:6   | Reached **** piety under Kikubaaqudgha
 15831 | D:9      | Killed Erolcha
 15860 | D:10     | Entered Level 10 of the Dungeon
 15884 | D:10     | Noticed Nergalle
 16146 | D:10     | Gained mutation: Your large and strong wings let you fly indefinitely. [Gargoyle growth]
 16146 | D:10     | Reached XP level 14. HP: 72/72 MP: 15/31
 16292 | D:10     | Killed Nergalle
 16446 | D:10     | Found a staircase to the Orcish Mines.
 16536 | D:10     | Reached skill level 5 in Stealth
 16782 | D:10     | Found a large runed door.
 16782 | D:10     | Found a large runed door.
 17075 | D:11     | Reached ***** piety under Kikubaaqudgha
 17308 | D:11     | Reached skill level 1 in Summonings
 18053 | D:12     | Noticed Kirke
 18085 | D:12     | Noticed Josephine
 18253 | D:12     | Reached skill level 15 in Earth Magic
 18303 | D:12     | Noticed Frances
 18493 | D:12     | Killed Josephine
 18777 | D:12     | Reached skill level 5 in Ice Magic
 18814 | D:12     | Killed Kirke
 19386 | D:13     | Reached skill level 5 in Dodging
 19852 | D:14     | Found a blossoming altar of Fedhas.
 19932 | D:14     | Reached XP level 15. HP: 78/80 MP: 25/33
 20116 | D:14     | Found a gate to the Vaults.
 20668 | D:15     | Entered Level 15 of the Dungeon
 20668 | D:15     | Noticed Azrael
 21153 | D:15     | Found Izxiguid's Assorted Antiques.
 21228 | D:15     | Reached ****** piety under Kikubaaqudgha
 21285 | D:15     | Killed Azrael
 21428 | D:15     | Found a staircase to the Depths.
 21660 | D:15     | Found a white marble altar of Elyvilon.
 21715 | D:15     | Reached skill level 15 in Spellcasting
 22461 | Orc:1    | Entered Level 1 of the Orcish Mines
 22621 | Orc:1    | Paralysed by an orc sorcerer for 5 turns
 23101 | Orc:1    | Reached skill level 16 in Earth Magic
 23195 | Orc:2    | Entered Level 2 of the Orcish Mines
 23197 | Orc:2    | Noticed an orc warlord
 23207 | Orc:2    | Killed an orc warlord
 23407 | Orc:2    | Noticed an orc warlord
 23411 | Orc:2    | Noticed Donald
 23560 | Orc:2    | Found Fabbotse's Jewellery Boutique.
 23642 | Orc:2    | Killed an orc warlord
 23642 | Orc:2    | Reached XP level 16. HP: 56/85 MP: 2/35
 23946 | Orc:2    | Reached skill level 1 in Evocations
 23957 | Orc:2    | Killed Donald
 23989 | Orc:2    | Found a roughly hewn altar of Beogh.
 24010 | Orc:2    | Found Oqonucidwa's General Store.
 24019 | Orc:2    | Bought a potion of ambrosia for 88 gold pieces
 24036 | Orc:2    | Found Xarul's Antique Weapon Shoppe.
 24064 | Orc:2    | Bought a cursed ring of teleportation for 72 gold pieces
 24223 | Orc:2    | Found Pecuoguwagi's Jewellery Shoppe.
 24234 | Orc:2    | Bought an uncursed amulet of regeneration for 300 gold pieces
 24308 | Orc:2    | Found a staircase to the Elven Halls.
 24456 | Orc:2    | Found Guneok's Antique Armour Shoppe.
 24956 | D:8      | Learned a level 6 spell: Simulacrum
 24961 | D:8      | Learned a level 4 spell: Summon Lightning Spire
 25032 | Shoals:1 | Entered Level 1 of the Shoals
 25124 | Shoals:1 | Got a shimmering scale mail
 26116 | Shoals:2 | Found Zaneffat's Armour Emporium.
 26233 | Shoals:2 | Reached skill level 17 in Earth Magic
 26310 | Shoals:2 | Identified the +4 scale mail of Jakyikly {rPois} (You found it on level 1 of the Shoals)
 26456 | Shoals:2 | Noticed Polyphemus
 26463 | Shoals:2 | Killed Polyphemus
 27442 | Shoals:4 | Entered Level 4 of the Shoals
 27944 | Shoals:4 | Reached XP level 17. HP: 70/90 MP: 17/37
 28244 | Shoals:4 | Got a barnacled rune of Zot
 28284 | Shoals:4 | Noticed Ilsuiw
 28540 | Shoals:4 | Reached skill level 1 in Polearms
 28837 | Shoals:4 | Killed Ilsuiw
 29017 | Shoals:4 | Got a faintly glowing amber ring
 29019 | Shoals:4 | Identified the ring of Seowid {*Drain rF+ rC+++ rN+ Slay+1} (You found it on level 4 of the Shoals)
 29516 | Orc:2    | Bought the ring of Xyojask {Fire Str+3 Slay+4 Stlth+} for 579 gold pieces
 29793 | Spider:1 | Entered Level 1 of the Spider Nest
 30110 | Spider:1 | Reached skill level 18 in Earth Magic
 30614 | Orc:2    | Bought the ring "Vonousu" {+Fly rPois MP+9 Dex-4 SInv} for 291 gold pieces
 31609 | Spider:1 | Noticed Roxanne
 31613 | Spider:1 | Killed Roxanne
 31617 | Spider:1 | Identified Roxanne's Incunabulum of the Mountains (You took it off Roxanne on level 1 of the Spider Nest)
 31646 | Spider:1 | You are sucked into a shaft!
 32666 | Spider:3 | Got a bloodstained chain mail
 32710 | Spider:3 | Reached skill level 10 in Necromancy
 32870 | Spider:3 | Identified the +3 chain mail of the Fiend {rF++ MR- rCorr SInv} (You found it on level 3 of the Spider Nest)
 33265 | Spider:4 | Entered Level 4 of the Spider Nest
 33271 | Spider:3 | Reached XP level 18. HP: 64/95 MP: 33/39
 33551 | Spider:4 | Reached skill level 1 in Air Magic
 33856 | Spider:4 | Reached skill level 5 in Fighting
 33878 | Spider:4 | Got a gossamer rune of Zot
 34095 | Spider:4 | Identified 2 scrolls of acquirement
 34430 | D:8      | Learned a level 6 spell: Iron Shot
 34655 | Elf:1    | Entered Level 1 of the Elven Halls
 34663 | Elf:1    | Found a magical portal.
 34675 | WizLab   | Entered Iskenderun's Mystic Tower
 34878 | WizLab   | Reached skill level 5 in Polearms
 35566 | WizLab   | Blown up by a conjurer statue

Skill      XL: |  1  2  3  4  5  6  7  8  9 10 11 12 13 14 15 16 17 18 |
---------------+-------------------------------------------------------+-----
Earth Magic    | 4 5 6 7 8 10 12 13 14 15 16 17 18 | 18.4
Fighting       | 1 2 4 5 |  5.0
Dodging        | 2 3 4 5 6 |  6.3
Spellcasting   | 3 4 6 8 9 11 12 13 14 15 16 17 | 17.5
Conjurations   | 1 2 3 4 6 7 8 9 |  9.5
Stealth        | 3 4 5 6 |  6.0
Transmutations | 1 |  1.1
Necromancy     | 1 2 3 4 5 6 7 8 10 11 | 11.0
Shields        | 3 4 |  4.0
Ice Magic      | 4 6 7 |  7.7
Charms         | 1 |  1.2
Summonings     | 1 2 |  2.5
Evocations     | 1 |  1.3
Polearms       | 4 5 |  5.4
Air Magic      | 1 |  1.1

Action                   |  1- 3 |  4- 6 |  7- 9 | 10-12 | 13-15 | 16-18 || total
-------------------------+-------+-------+-------+-------+-------+-------++-------
Melee: Unarmed           |     3 |       |       |       |       |       ||     3
       Dagger            |    71 |   111 |    59 |    16 |    25 |       ||   282
       Staff             |       |       |     1 |     1 |     1 |       ||     3
       Trident           |       |       |       |       |   368 |       ||   368
       Short sword       |       |       |       |       |     5 |       ||     5
       Scimitar          |       |       |       |       |     6 |       ||     6
       War axe           |       |       |       |       |     5 |       ||     5
       Spear             |       |       |       |       |       |   327 ||   327
 Cast: Sandblast         |    32 |     5 |    53 |    37 |   110 |    87 ||   324
       Stone Arrow       |     4 |    20 |   110 |   175 |   206 |    75 ||   590
       Passwall          |     1 |     3 |     1 |     2 |     3 |     4 ||    14
       Animate Skeleton  |       |       |    16 |    67 |    33 |    14 ||   130
       Lee's Rapid Decon |       |       |     8 |    95 |    69 |    56 ||   228
       Borgnjor's Vile C |       |       |       |    16 |    98 |   147 ||   261
       Summon Butterflie |       |       |       |     2 |    11 |     7 ||    20
       Ozocubu's Armour  |       |       |       |     1 |     8 |     2 ||    11
       Animate Dead      |       |       |       |       |    69 |    61 ||   130
       Agony             |       |       |       |       |     4 |     4 ||     8
       Dispel Undead     |       |       |       |       |     9 |       ||     9
       Simulacrum        |       |       |       |       |       |    41 ||    41
       Summon Lightning  |       |       |       |       |       |    19 ||    19
       Iron Shot         |       |       |       |       |       |     2 ||     2
Invok: Receive Corpses   |       |       |     1 |     6 |    10 |    12 ||    29
 Abil: Fly               |       |       |       |       |     1 |     2 ||     3
       Stop Flying       |       |       |       |       |       |     2 ||     2
Evoke: Wand              |       |       |     2 |     1 |     5 |    15 ||    23
       Lightning rod     |       |       |       |     2 |       |       ||     2
       Sack of spiders   |       |       |       |       |       |     7 ||     7
       Box of beasts     |       |       |       |       |       |     4 ||     4
  Use: Scroll            |       |       |    12 |    16 |    15 |    16 ||    59
       Potion            |       |       |     1 |     2 |     2 |     6 ||    11
 Stab: Sleeping          |     2 |     5 |     2 |     2 |    13 |     4 ||    28
       Distracted        |       |       |       |       |     3 |     5 ||     8
  Eat: Chunk             |     1 |     6 |    19 |    42 |    46 |    43 ||   157
       Ration            |       |       |       |       |     2 |     1 ||     3
Armor: Robe              |    59 |    70 |    21 |    10 |    93 |   245 ||   498
       Leather armour    |       |       |    20 |    35 |   140 |       ||   195
Dodge: Dodged            |    85 |    95 |    90 |    46 |   282 |   286 ||   884
       Deflected         |       |       |       |       |       |    24 ||    24
Block: Buckler           |       |       |     8 |    25 |   165 |   129 ||   327
